 Dungeon Crawl Stone Soup version 0.19.3-4-gbf9329e (webtiles) character file.

543 empire the Skirmisher (level 7, 0/62 HPs)
             Began as a Minotaur Fighter on Jan 27, 2017.
             Succumbed to a worker ant's poison
             ... on level 4 of the Dungeon.
             The game lasted 00:05:31 (2957 turns).

empire the Skirmisher (Minotaur Fighter)            Turns: 2957, Time: 00:05:32

Health: 0/62       AC: 15    Str: 21    XL:     7   Next: 6%
Magic:  6/6        EV:  7    Int:  5    God:
Gold:   173        SH: 10    Dex: 11    Spells: 0 memorised, 6 levels left

rFire  . . .     SeeInvis +     b - +2 falchion (protect)
rCold  + . .     Gourm    +     y - +0 scale mail
rNeg   . . .     Faith    .     c - +0 shield
rPois  .         Spirit   .     (helmet restricted)
rElec  .         Reflect  .     t - +0 cloak
rCorr  .         Harm     .     (no gloves)
MR     .....                    (no boots)
Stlth  ..........               u - amulet of the gourmand
                                C - ring of see invisible
                                o - ring of protection from cold

@: lethally poisoned (0 -> -14), protection aura, very slightly contaminated
A: retaliatory headbutt, horns 2
a: no special abilities


You were on level 4 of the Dungeon.
You were very full.

You visited 1 branch of the dungeon, and saw 4 of its levels.

You collected 173 gold pieces.

Inventory:

Hand Weapons
 a - a +0 long sword
 b - a +2 falchion of protection (weapon)
 k - a +2 dagger of venom
 B - a cursed -2 hand axe
Armour
 c - a +0 shield (worn)
 t - a +0 cloak (worn)
 y - a +0 scale mail (worn)
Jewellery
 o - a ring of protection from cold (left hand)
 p - an uncursed ring of magical power
 u - an amulet of the gourmand (around neck)
 C - a ring of see invisible (right hand)
Wands
 D - a wand of teleportation (4/9)
Scrolls
 e - 4 scrolls of remove curse
 i - a scroll of fear {unknown}
 j - 2 scrolls of teleportation {unknown}
 l - a scroll of immolation {unknown}
 n - 2 scrolls of recharging
 s - a scroll of magic mapping {unknown}
 w - a scroll of amnesia {unknown}
Potions
 d - 3 potions of might
 g - a potion of curing
 m - 3 potions of degeneration
 r - a potion of lignification {unknown}
 v - a potion of resistance {unknown}
 x - a potion of magic
 z - a potion of brilliance {unknown}
 E - a potion of cancellation {unknown}
Comestibles
 f - 3 bread rations
 h - a slice of pizza
 q - 2 beef jerkies
 F - 3 fruits


   Skills:
 + Level 5.8 Fighting
 + Level 5.1 Long Blades
 + Level 5.6 Armour
 + Level 5.7 Shields


You had 6 spell levels left.
You didn't know any spells.

Dungeon Overview and Level Annotations

Branches:
Dungeon (4/15)
 Temple: D:4-7

Altars:
Trog


Innate Abilities, Weirdness & Mutations

You reflexively headbutt those who attack you in melee.
You have a pair of horns on your head.


Message History

You block the worker ant's attack. You block the orc priest's attack.
You hit the orc priest. You headbutt the orc priest.
You kill the orc priest!
The worker ant bites you.
* * * LOW HITPOINT WARNING * * *
You are more poisoned.
The worker ant poisons you! You block the worker ant's attack.
You feel sick. The worker ant bites you.
* * * LOW HITPOINT WARNING * * *
You are more poisoned.
The worker ant poisons you!
Things that are here:
a falchion of freezing; a leather armour; a worker ant corpse You hit the worker ant but do no damage.
The worker ant is moderately wounded.
* * * LOW HITPOINT WARNING * * *
You feel sick. You block the worker ant's attack.
You slash the worker ant!
The worker ant is almost dead.
You die...

#....)..##########..(##...#
###)..### #...##...# #####
##########...#
##...##..##.<.#
....#..†.....#
#...+....#..## ..
#.(###...####
....##..###..##
.)......@.....#
.....>..†a....#
....##..###...# ... ##+#
#..## . #...# #...# #...#
#..## .>.


You could see a worker ant.

Vanquished Creatures
  A two-headed ogre (D:3)
  The ghost of muxecoid the Skirmisher, a weakling FoWn (D:4)
  An orc priest (D:4)
  An orc wizard (D:3)
  2 worker ants (D:4)
  2 gnolls
  9 adders
  An ooze (D:2)
  4 worms
  A dart slug (D:1)
  A leopard gecko (D:3)
  7 orcs
  6 bats
  4 giant cockroaches
  7 goblins
  12 hobgoblins
  2 jackals (D:1)
  4 kobolds
  5 quokkas
  3 frilled lizards
  A quokka skeleton (D:4)
  12 rats
  4 toadstools (D:1)
91 creatures vanquished.

Notes
Turn   | Place    | Note
-------+----------+-------------------------------------------
     0 | D:1      | empire the Minotaur Fighter began the quest for the Orb.
     0 | D:1      | Reached XP level 1. HP: 19/19 MP: 0/0
   233 | D:1      | Reached XP level 2. HP: 24/27 MP: 1/1
  1023 | D:2      | Reached XP level 3. HP: 27/33 MP: 2/2
  1115 | D:2      | Reached XP level 4. HP: 36/41 MP: 3/3
  1979 | D:3      | Reached XP level 5. HP: 47/47 MP: 4/4
  2085 | D:3      | Noticed a two-headed ogre
  2095 | D:3      | Killed a two-headed ogre
  2095 | D:3      | Reached skill level 5 in Fighting
  2095 | D:3      | Reached skill level 5 in Armour
  2095 | D:3      | Reached skill level 5 in Shields
  2095 | D:3      | Reached XP level 6. HP: 5/56 MP: 5/5
  2854 | D:4      | Noticed muxecoid's ghost (weakling FoWn)
  2867 | D:4      | Killed muxecoid's ghost
  2869 | D:4      | Noticed a moth of wrath
  2872 | D:4      | Found a bloodstained altar of Trog.
  2880 | D:4      | Reached skill level 5 in Long Blades
  2946 | D:4      | Reached XP level 7. HP: 28/62 MP: 6/6
  2955 | D:4      | HP: 3/62 [worker ant (6)]
  2957 | D:4      | Succumbed to a worker ant's poison

Skill      XL: |  1  2  3  4  5  6 |
---------------+-------------------+-----
Fighting       | 4 5 |  5.8
Long Blades    | 3 4 5 |  5.1
Armour         | 4 5 |  5.6
Shields        | 4 5 |  5.7

Action                   |  1- 3 |  4- 6 |  7- 9 || total
-------------------------+-------+-------+-------++-------
Melee: Long sword        |    92 |    84 |       ||   176
       Headbutt          |    10 |    26 |     2 ||    38
       Falchion          |       |    86 |    10 ||    96
  Use: Scroll            |       |     7 |       ||     7
       Potion            |       |     2 |       ||     2
  Eat: Chunk             |     1 |    14 |       ||    15
Armor: Scale mail        |    35 |   101 |     2 ||   138
Dodge: Dodged            |    25 |    54 |     2 ||    81
Block: Shield            |    38 |   103 |    12 ||   153
       Rpst.: Long sword |     4 |    10 |       ||    14
       Falchion          |       |     5 |     1 ||     6
